 Dungeon Crawl Stone Soup version 0.25.0-46-gbd7b0854d2 (webtiles) character file.

Game seed: 7562808770756388346

32 Ethylacetat the Poker (level 3, 0/28 HPs)
             Began as a Demonspawn Gladiator on July 17, 2020.
             Slain by a hobgoblin
             ... wielding a +0 club
             ... led by Robin
              (5 damage)
             ... on level 2 of the Dungeon.
             The game lasted 00:01:54 (1519 turns).

Ethylacetat the Poker (Demonspawn Gladiator)        Turns: 1519, Time: 00:01:54

Health: 0/28       AC:  3    Str: 15    XL:     3   Next: 10%
Magic:  0/3        EV: 16    Int:  9    God:
Gold:   40         SH:  0    Dex: 14    Spells: 2/2 levels left

rFire    . . .     SeeInvis .   a - +0 trident
rCold    . . .     Gourm    .   (no shield)
rNeg     . . .     Faith    .   b - +0 leather armour
rPois    .         Spirit   +   (helmet restricted)
rElec    .         Reflect  .   (no cloak)
rCorr    .         Harm     .   (no gloves)
MR       .....                  (no boots)
Stlth    +.........             k - amulet of regeneration
HPRegen  0.49/turn              h - +4 ring of evasion
MPRegen  0.08/turn              (no ring)

@: lightly drained
A: antennae 1, magic shield
a: no special abilities


You were on level 2 of the Dungeon.
You were not hungry.

You visited 1 branch of the dungeon, and saw 3 of its levels.

You collected 40 gold pieces.

Inventory:

Hand Weapons
 a - a +0 trident (weapon)
Missiles
 d - 3 throwing nets (quivered)
Armour
 b - a +0 leather armour (worn)
 c - a +0 helmet
Jewellery
 h - a +4 ring of evasion (left hand)
 k - an amulet of regeneration (around neck)
Scrolls
 g - a scroll of blinking {unknown}
 i - a scroll of teleportation {unknown}
 j - a scroll of enchant armour {unknown}
Potions
 e - a potion of curing {unknown}
 l - a potion of flight {unknown}
 m - a potion of haste {unknown}
Comestibles
 f - 7 rations


   Skills:
 + Level 2.3(2.2) Fighting
 * Level 3.3(3.1) Polearms
 - Level 1.7(1.5) Throwing
 + Level 1.0(0.8) Armour
 - Level 2.6(2.5) Dodging
 + Level 0.2(0.1) Stealth


You had 2 spell levels left.
You didn't know any spells.
Your spell library was empty.

Dungeon Overview and Level Annotations

Branches:
Dungeon (3/15)

Altars:

Annotations:
D:2 1 runed translucent door, Crazy Yiuf, Robin
D:3 Jessica


Innate Abilities, Weirdness & Mutations

You have a pair of small antennae on your head.
When hurt, damage is shared between your health and your magic reserves.


Message History

The hobgoblin no longer looks unusually strong.
The hobgoblin hits you with a +0 club.
* * * LOW HITPOINT WARNING * * *
You closely miss the hobgoblin.
The hobgoblin is moderately wounded.
The hobgoblin no longer looks unusually strong.
The hobgoblin hits you. The hobgoblin misses you.
You closely miss the hobgoblin.
The hobgoblin is moderately wounded.
Robin roars a battlecry!
The hobgoblins go into a battle-frenzy!
The hobgoblin hits you with a +0 club.
* * * LOW HITPOINT WARNING * * *
The hobgoblin completely misses you.
You closely miss the hobgoblin.
The hobgoblin is moderately wounded.
Robin hits you from afar with a +0 spear.
* * * LOW HITPOINT WARNING * * *
The hobgoblin closely misses you. The hobgoblin hits you with a +0 club.
You die...

#.......#
#..
#......##
#..
#......#
#......#
#......#
#......#
##.g....#
##.gg....#
#..@..####
#.....#
#..)..#
##....#
#....#
#....#
######


You could see Robin and 2 hobgoblins.

Vanquished Creatures
  3 giant cockroaches
  12 goblins
  5 hobgoblins
  3 bats (D:1)
  3 kobolds
  3 rats (D:1)
29 creatures vanquished.

Notes
Turn   | Place    | Note
-------+----------+-------------------------------------------
     0 | D:1      | Ethylacetat the Demonspawn Gladiator began the quest for
                  | the Orb.
     0 | D:1      | Reached XP level 1. HP: 16/16 MP: 1/1
   801 | D:1      | Gained mutation: When hurt, damage is shared between your
                  | health and your magic reserves. [demonic ancestry]
   801 | D:1      | Reached XP level 2. HP: 22/22 MP: 2/2
   818 | D:1      | Reached skill level 3 in Polearms
  1133 | D:2      | Found a runed translucent door.
  1134 | D:2      | Noticed Crazy Yiuf
  1181 | D:2      | Reached skill level 1 in Armour
  1427 | D:2      | Noticed Robin
  1478 | D:3      | Noticed Jessica
  1492 | D:2      | Gained mutation: You have a pair of small antennae on your
                  | head. [demonic ancestry]
  1492 | D:2      | Reached XP level 3. HP: 26/28 MP: 3/3
  1519 | D:2      | Slain by a hobgoblin

Illustrated notes

Levels and vault maps discovered:
D:1:      dpeg_arrival_long_road, layout_basic, minmay_misc_feat_room
D:2:      layout_basic, first_ration, minmay_randomly_rotated_circles,
          uniq_crazy_yiuf_cottage, uniq_robin
D:3:      layout_basic, chequers_temple_overflow_statue_of_worship,
          uniq_jessica, uniq_ijyb

Skill      XL: |  1  2 |
---------------+-------+-----
Polearms       | 3 |  3.3
Armour         | 1 |  1.0
Fighting       | |  2.3
Throwing       | |  1.7
Dodging        | |  2.6
Stealth        | |  0.2

Action                   || total
-------------------------++-------
Melee: Trident           ||   105
 Stab: Sleeping          ||     2
  Eat: Chunk             ||     2
Armor: Leather armour    ||    13
Dodge: Dodged            ||    76
